 Dungeon Crawl Stone Soup version 0.30-a0-305-g026cb31310 (webtiles) character file.

Game seed: 8308328883605323040

147 McGhostyFace the Prestidigitator (level 5, -2/41 HPs)
             Began as a Gnoll Wanderer on Oct 23, 2022.
             Killed from afar by an orc wizard (9 damage)
             ... with a puff of flame
             ... on level 3 of the Dungeon.
             The game lasted 00:04:47 (2239 turns).

McGhostyFace the Prestidigitator (Gnoll Wanderer)   Turns: 2239, Time: 00:04:48

Health: -2/41      AC:  5    Str: 11    XL:     5   Next: 29%
Magic:  7/7        EV: 12    Int: 12    God:
Gold:   125        SH:  0    Dex: 13    Spells: 7/7 levels left

rFire   . . .      SeeInvis .    a - +0 hand axe
rCold   . . .      Faith    .    (no shield)
rNeg    . . .      Spirit   .    e - +0 leather armour
rPois   .          Reflect  .    (no helmet)
rElec   .          Harm     .    u - +0 cloak
rCorr   .          Rampage  .    c - +0 pair of gloves
Will    .....                    (no boots)
Stlth   ++........               (no amulet)
HPRegen 0.26/turn                (no ring)
MPRegen 0.10/turn                (no ring)

@: no status effects
A: fangs 1, strong nose, distributed training
a: no special abilities


You were on level 3 of the Dungeon.
You visited 1 branch of the dungeon, and saw 3 of its levels.

You collected 125 gold pieces.

Inventory:

Hand Weapons
 a - a +0 hand axe (weapon)
 f - a +0 sling
 g - a +2 vampiric dagger
Missiles
 q - 4 atropa-tipped darts
 x - 2 throwing nets
 y - 2 poisoned darts
 A - 6 javelins
Armour
 c - a +0 pair of gloves (worn)
 e - a +0 leather armour (worn)
 u - a +0 cloak (worn)
Wands
 n - a wand of digging (3)
 s - a wand of roots (11)
Scrolls
 d - a scroll of summoning
 h - 2 scrolls of enchant weapon {unknown}
 i - a scroll of vulnerability {unknown}
 k - a scroll of immolation {unknown}
 m - a scroll of identify {unknown}
 p - 3 scrolls of torment {unknown}
 w - a scroll of acquirement {unknown}
Potions
 j - 3 potions of lignification {unknown}
 l - a potion of haste {unknown}
 o - a potion of brilliance {unknown}
 r - a potion of heal wounds {unknown}
 t - a potion of might {unknown}
 v - a potion of cancellation {unknown}
 z - a potion of mutation {unknown}
Miscellaneous
 b - a box of beasts (quivered)


   Skills:
 + Level 3.0 Fighting
 + Level 1.5 Short Blades
 + Level 1.5 Long Blades
 + Level 4.8 Axes
 + Level 1.5 Maces & Flails
 + Level 1.5 Polearms
 + Level 1.5 Staves
 + Level 1.5 Ranged Weapons
 + Level 1.5 Throwing
 + Level 1.5 Armour
 + Level 3.0 Dodging
 + Level 1.5 Stealth
 + Level 1.5 Shields
 + Level 1.5 Unarmed Combat
 + Level 1.5 Spellcasting
 + Level 1.2 Conjurations
 + Level 1.2 Hexes
 + Level 1.2 Summonings
 + Level 1.2 Necromancy
 + Level 1.2 Translocations
 + Level 1.2 Transmutations
 + Level 1.2 Fire Magic
 + Level 1.2 Ice Magic
 + Level 1.2 Air Magic
 + Level 1.2 Earth Magic
 + Level 1.2 Poison Magic
 + Level 3.1 Invocations
 + Level 10.5 Evocations


You had 7 spell levels left.
You didn't know any spells.
Your spell library contained the following spells:

 Spells                   Type           Power      Damage    Failure   Level
 Magic Dart               Conj           12%        1d3       22%         1
 Searing Ray              Conj           6%         2d4       34%         2
 Lesser Beckoning         Tloc           6%         N/A       56%         3
 Fulminant Prism          Conj/Hex       1%         3d6       92%         4
 Dispersal                Tloc           1%         N/A       100%        6
 Disjunction              Tloc           1%         N/A       100%        8


Dungeon Overview and Level Annotations

Branches:
Dungeon (3/15)

Altars:
Dithmenos

Annotations:
D:3 2 runed translucent doors, idiolect's ghost, amateur MiFi


Innate Abilities, Weirdness & Mutations

You have very sharp teeth.
Your uncanny sense of smell can sniff out nearby items.
Your experience applies equally to all skills.


Message History

You closely miss the quokka. The quokka closely misses you. x2
You hit the quokka.
You kill the quokka!
You closely miss something. Something hits you but does no damage.
You hit the orc.
The orc is moderately wounded.
You hit something. The orc misses you.
You hear some strange, mumbled words.
A puff of flame appears from out of thin air!
The puff of flame hits you.
You hit the orc.
You kill the orc!
You hit something. Something hits you.
No target in view!
No target in view!
You hit something but do no damage. Something hits you but does no damage.
You barely miss something. Something hits you but does no damage.
The orc barely misses you.
You barely miss something. Something hits you but does no damage.
The orc barely misses you.
You closely miss something. You closely miss the orc.
Something hits you but does no damage. The orc hits you with a +0 flail!
The orc hits you from afar with a +0 trident.
You hit something. Your bite misses something. You closely miss the orc.
Something hits you but does no damage. The orc closely misses you.
The orc barely misses you.
You hit something. You hit the orc but do no damage. Something hits you.
The orc hits you but does no damage.
You barely miss something. You hit the orc. The orc barely misses you.
Something hits you. The orc hits you with a +0 flail.
* * * LOW HITPOINT WARNING * * *
You hit something but do no damage. You closely miss the orc.
The orc hits you but does no damage. Something hits you but does no damage.
The orc hits you from afar with a +0 trident.
* * * LOW HITPOINT WARNING * * *
You miss something. You hit the orc but do no damage.
You hear some strange, mumbled words.
A puff of flame appears from out of thin air!
The puff of flame hits you!
You die...

.§.....§§ §..._..
...... ∆ §§§§..§
.### #§§.§.§§ ...
#§$.o§ ... #..)###
.. #.{@o.# ##.## #
##....#####...##.#
###.<......#....#
#.)#####...# #..#
##.## #..#
##.####### #..#
##.#....... #..#
##.###.#####
#..###.## ##.####


You could see 2 orcs.

Vanquished Creatures
  An orc wizard (D:3)
  5 adders
  3 worms
  3 dart slugs
  2 orcs (D:3)
  4 ball pythons
  3 bats
  2 endoplasms
  5 goblins
  4 hobgoblins
  5 jackals
  7 kobolds
  4 quokkas
  3 frilled lizards
  7 rats
58 creatures vanquished.

Vanquished Creatures (others)
  18 plants (D:3)
18 creatures vanquished.

Grand Total: 76 creatures vanquished

Notes
Turn   | Place    | Note
-------+----------+-------------------------------------------
     0 | D:1      | Reached skill level 10 in Evocations
     0 | D:1      | McGhostyFace the Gnoll Wanderer began the quest for the
                  | Orb.
     0 | D:1      | McGhostyFace set off with the following items: a +0 hand
                  | axe, a box of beasts, a +0 pair of gloves, a scroll of
                  | summoning, a +0 leather armour.
     0 | D:1      | Reached XP level 1. HP: 17/17 MP: 2/2
   188 | D:1      | Reached XP level 2. HP: 23/23 MP: 3/3
   200 | D:1      | Got the Almanac of Mezcal
   318 | D:1      | Found a faded altar of an unknown god.
   397 | D:1      | Reached XP level 3. HP: 28/28 MP: 4/4
   983 | D:2      | Reached skill level 1 in Short Blades
   983 | D:2      | Reached skill level 1 in Long Blades
   983 | D:2      | Reached skill level 1 in Maces & Flails
   983 | D:2      | Reached skill level 1 in Polearms
   983 | D:2      | Reached skill level 1 in Staves
   983 | D:2      | Reached skill level 1 in Ranged Weapons
   983 | D:2      | Reached skill level 1 in Throwing
   983 | D:2      | Reached skill level 1 in Armour
   983 | D:2      | Reached skill level 1 in Stealth
   983 | D:2      | Reached skill level 1 in Shields
   983 | D:2      | Reached skill level 1 in Unarmed Combat
   983 | D:2      | Reached skill level 1 in Spellcasting
  1035 | D:2      | Reached XP level 4. HP: 8/34 MP: 6/6
  1257 | D:2      | Reached skill level 1 in Conjurations
  1257 | D:2      | Reached skill level 1 in Hexes
  1257 | D:2      | Reached skill level 1 in Summonings
  1257 | D:2      | Reached skill level 1 in Necromancy
  1257 | D:2      | Reached skill level 1 in Translocations
  1257 | D:2      | Reached skill level 1 in Transmutations
  1257 | D:2      | Reached skill level 1 in Fire Magic
  1257 | D:2      | Reached skill level 1 in Ice Magic
  1257 | D:2      | Reached skill level 1 in Air Magic
  1257 | D:2      | Reached skill level 1 in Earth Magic
  1257 | D:2      | Reached skill level 1 in Poison Magic
  1731 | D:3      | Found a runed translucent door.
  1777 | D:3      | Noticed idiolect's ghost (amateur MiFi)
  1929 | D:3      | Reached XP level 5. HP: 25/40 MP: 7/7
  2156 | D:3      | Found a runed translucent door.
  2219 | D:3      | Found a shadowy altar of Dithmenos.
  2239 | D:3      | Killed from afar by an orc wizard

Illustrated notes

Levels and vault maps discovered:
D:1:      tarquinn_simple_flora_water_f, layout_rooms,
          hellmonk_ecumenical_altar_pennies_from_heaven
D:2:      layout_loops_ring
D:3:      layout_loops_ring, nicolae_dithmenos_the_darkroom, serial_bayou,
          serial_bayou_lagoon_a, serial_bayou_pond_d, serial_bayou_pond_e,
          serial_bayou_pond_e, ebering_ghost_sewer_f

Skill      XL: |  1  2  3  4  5 |
---------------+----------------+-----
Evocations     | | 10.5
Short Blades   | 1 |  1.5
Long Blades    | 1 |  1.5
Maces & Flails | 1 |  1.5
Polearms       | 1 |  1.5
Staves         | 1 |  1.5
Ranged Weapons | 1 |  1.5
Throwing       | 1 |  1.5
Armour         | 1 |  1.5
Stealth        | 1 |  1.5
Shields        | 1 |  1.5
Unarmed Combat | 1 |  1.5
Spellcasting   | 1 |  1.5
Conjurations   | 1 |  1.2
Hexes          | 1 |  1.2
Summonings     | 1 |  1.2
Necromancy     | 1 |  1.2
Translocations | 1 |  1.2
Transmutations | 1 |  1.2
Fire Magic     | 1 |  1.2
Ice Magic      | 1 |  1.2
Air Magic      | 1 |  1.2
Earth Magic    | 1 |  1.2
Poison Magic   | 1 |  1.2
Invocations    | 3 |  3.1
Fighting       | 3 |  3.0
Dodging        | 3 |  3.0
Axes           | |  4.8

Action                   |  1- 3 |  4- 6 || total
-------------------------+-------+-------++-------
Melee: Hand axe          |    10 |    25 ||    35
       Bite              |     2 |     1 ||     3
       Dagger            |     7 |    17 ||    24
 Fire: Sling             |   129 |    52 ||   181
 Stab: Sleeping          |       |     2 ||     2
Armor: Leather armour    |    31 |    36 ||    67
Dodge: Dodged            |    62 |    63 ||   125

Table legend: (Time is in decaauts)
 A = Elapsed time spent in this place.
 B = Non-inter-level travel time spent in this place.
 C = Inter-level travel time spent in this place.
 D = Time resting spent in this place.
 E = Time spent auto-exploring this place.
 F = Levels seen in this place.
 G = Mean time per level.
                   A        B        C        D        E       F      G
               +--------+--------+--------+--------+--------+-----+--------+
         Total |   2321 |   2272 |     49 |    539 |   1160 |   3 |  773.7 |
       Dungeon |   2321 |   2272 |     49 |    539 |   1160 |   3 |  773.7 |
               +--------+--------+--------+--------+--------+-----+--------+

Top non-repeatable levels by time:
     D:2: 1204 daAuts
     D:3: 598 daAuts
     D:1: 519 daAuts
